 Dungeon Crawl Stone Soup version 0.17-a0-1714-g35622ae (webtiles) character file.

120 nuthulu the Skirmisher (level 5, -4/34 HPs)
             Began as a Gargoyle Fighter on Aug 23, 2015.
             Slain by 4thArraOfDagon's ghost (6 damage)
             ... on level 3 of the Dungeon.
             The game lasted 00:05:12 (1813 turns).

nuthulu the Skirmisher (Gargoyle Fighter)           Turns: 1813, Time: 00:05:12

Health: -4/34      AC: 14    Str: 25    XL:     5   Next: 4%
Magic:  5/5        EV:  8    Int:  8    God:
Gold:   141        SH: 10    Dex: 10    Spells: 0 memorised, 4 levels left

rFire  . . .     SeeInvis .     a - +0 flail
rCold  . . .     Clarity  .     o - quicksilver dragon armour
rNeg   + . .     SustAt   .     c - +1 shield
rPois  ∞         Gourm    .     (no helmet)
rElec  +         Spirit   .     (no cloak)
rCorr  .         Warding  .     (no gloves)
rMut   .         Stasis   .     (no boots)
MR     +....                    (no amulet)
Stlth  ..........               (no ring)
                                (no ring)

@: mighty, somewhat resistant to hostile enchantments, extremely unstealthy
A: negative energy resistance 1, electricity resistance, unbreathing,
petrification resistance, rot immunity, AC +4
a: no special abilities


You were on level 3 of the Dungeon.
You were not hungry.

You visited 1 branch of the dungeon, and saw 3 of its levels.

You collected 141 gold pieces.

Inventory:

Hand weapons
 a - a +0 flail (weapon)
Armour
 b - a +0 scale mail
 c - a +1 shield (worn)
 o - a quicksilver dragon armour (worn)
Jewellery
 l - a +2 ring of evasion {unknown}
 n - an uncursed amulet of rage {unknown}
Scrolls
 m - a scroll of teleportation
Potions
 d - a potion of might
 h - a potion of cure mutation {unknown}
 j - a potion of ambrosia {unknown}
 k - a potion of brilliance {unknown}
Comestibles
 e - 2 bread rations
 f - 3 beef jerkies
 i - 3 meat rations


   Skills:
 + Level 4.9 Fighting
 + Level 3.8 Maces & Flails
 - Level 3.2 Armour
 - Level 3.2 Shields


You had 4 spell levels left.
You didn't know any spells.

Dungeon Overview and Level Annotations

Branches:
Dungeon (3/15)

Altars:
Elyvilon
Makhleb

Annotations:
D:3 4thArraOfDagon's ghost, average OgHu


Innate Abilities, Weirdness & Mutations

You are resistant to torment.
Your stone body is resilient (AC +4).
You are immune to poison.
You resist negative energy.
You are resistant to electric shocks.
You can survive without breathing.
You are immune to petrification.
You are immune to rotting.


Message History

You barely miss the kobold.
You block the kobold's attack. 4thArraOfDagon's ghost hits you.
The kobold hits you.
You bludgeon 4thArraOfDagon's ghost!! 4thArraOfDagon's ghost is moderately damaged.
You block 4thArraOfDagon's ghost's attack.
The kobold barely misses you.
You completely miss 4thArraOfDagon's ghost. 4thArraOfDagon's ghost is moderately damaged. 4thArraOfDagon's ghost hits you!
* * * LOW HITPOINT WARNING * * *
The kobold hits you but does no damage. 4thArraOfDagon's ghost hits you.
* * * LOW HITPOINT WARNING * * *
You sock 4thArraOfDagon's ghost! 4thArraOfDagon's ghost is heavily damaged.
You block the kobold's attack.
You block 4thArraOfDagon's ghost's attack.
The kobold completely misses you.
Unknown command. 4thArraOfDagon's ghost hits you.
You die...

#..............
#...........#
#......(....##
#..............
#.(...o........
#.oo...........
########K#######....
.....###.# ....
#...W@# ..? #.....# ..
#.....#######
#......).....
####.....######
#.......(..# #######
#..........###.....###
#...........†......†.#
#..........###.....#.#


You could see 4thArraOfDagon's ghost, 2 orcs and a kobold.

Vanquished Creatures
  An orc wizard (D:3)
  A hound skeleton (D:3)
  2 adders (D:3)
  An ooze (D:2)
  A worm (D:2)
  An orc (D:3)
  8 giant cockroaches
  3 goblins (D:1)
  6 hobgoblins
  A jackal (D:1)
  4 kobolds
  3 quokkas
  A ball python (D:1)
  8 bats
  A giant gecko (D:1)
  3 giant newts
  A quokka zombie (D:3)
  8 rats
54 creatures vanquished.

Notes
Turn   | Place    | Note
--------------------------------------------------------------
     0 | D:1      | nuthulu the Gargoyle Fighter began the quest for the Orb.
     0 | D:1      | Reached XP level 1. HP: 14/14 MP: 1/1
   115 | D:1      | Reached XP level 2. HP: 17/19 MP: 2/2
   527 | D:1      | Reached XP level 3. HP: 22/24 MP: 3/3
   711 | D:1      | Reached skill level 4 in Fighting
  1091 | D:2      | Found a burning altar of Makhleb.
  1201 | D:2      | Found a white marble altar of Elyvilon.
  1508 | D:3      | Reached XP level 4. HP: 28/30 MP: 4/4
  1799 | D:3      | Noticed 4thArraOfDagon's ghost (average OgHu)
  1804 | D:3      | Reached XP level 5. HP: 20/34 MP: 5/5
  1813 | D:3      | Slain by 4thArraOfDagon's ghost

Vault maps used:
D:1:      onia_arrival_mini_maze_b, nrook_mini_vaults
D:2:      overflow_temple_1_default, old_standard_altar, st_stairs_1
D:3:      yredelemnul_forgotten_temple_becter, first_bread, serial_curves,
          eino_curves_02, eino_curves_02

Action                   |  1- 3 |  4- 6 || total
-------------------------+-------+-------++-------
Melee: Flail             |   195 |    58 ||   253
  Use: Scroll            |     7 |     1 ||     8
       Potion            |       |     1 ||     1
  Eat: Meat ration       |     1 |       ||     1
       Chunk             |     1 |       ||     1
